 Dungeon Crawl Stone Soup version 0.27.0-1-g7a089689b8 (webtiles) character file.

Game seed: 8213519027273086445

36 gimp the Stinger (level 3, -2/16 HPs)
             Began as a Vine Stalker Venom Mage on Aug 9, 2021.
             Slain by Natasha (5 damage)
             ... on level 2 of the Dungeon.
             The game lasted 00:02:02 (1358 turns).

gimp the Stinger (Vine Stalker Venom Mage)          Turns: 1358, Time: 00:02:02

Health: -2/16      AC:  2    Str: 10    XL:     3   Next: 37%
Magic:  0/8        EV: 12    Int: 16    God:
Gold:   78         SH:  0    Dex: 14    Spells: 1/7 levels left

rFire    . . .     SeeInvis .   a - +0 dagger
rCold    . . .     Faith    .   (no shield)
rNeg     . . .     Spirit   +   c - +0 robe
rPois    .         Reflect  .   (no helmet)
rElec    .         Harm     .   g - scarf {repulsion}
rCorr    .         Rampage  .   (no gloves)
Will     .....                  (no boots)
Stlth    ++........             (no amulet)
HPRegen  0.05/turn              (no ring)
MPRegen  0.11/turn              (no ring)

@: slowed, repel missiles, very slow
A: fangs 2, magic shield, antimagic bite, no potion heal 2
a: no special abilities


You were on level 2 of the Dungeon.
You visited 1 branch of the dungeon, and saw 2 of its levels.

You collected 78 gold pieces.

Inventory:

Hand Weapons
 a - a +0 dagger (weapon)
 b - a +2 short sword of protection
Armour
 c - a +0 robe (worn)
 g - a scarf of repulsion (worn)
Jewellery
 f - an amulet of the acrobat
Potions
 d - a potion of haste {unknown}
 e - a potion of might {unknown}
 h - a potion of invisibility {unknown}


   Skills:
 - Level 1.5 Dodging
 - Level 2.4 Stealth
 + Level 2.8 Spellcasting
 - Level 1.0 Transmutations
 * Level 4.0 Poison Magic


You had one spell level left.
You knew the following spells:

 Your Spells              Type           Power      Damage    Failure   Level
a - Sting                 Tmut/Pois      40%        1d5       7%          1
b - Poisonous Vapours     Pois/Air       16%        N/A       13%         2
c - Mephitic Cloud        Conj/Pois/Air  6%         N/A       32%         3

Your spell library contained the following spells:

 Spells                   Type           Power      Damage    Failure   Level
 Olgreb's Toxic Radiance  Pois           15%        N/A       36%         4


Dungeon Overview and Level Annotations

Branches:
Dungeon (2/15)

Altars:

Annotations:
D:2 Natasha


Innate Abilities, Weirdness & Mutations

You have extremely sharp teeth.
When hurt, damage is shared between your health and your magic reserves.
Your bite disrupts and absorbs the magic of your enemies.
Potions cannot restore your health.


Message History

Natasha shimmers violently.
The shadow imp barely misses you.
You now have 7/8 mp.
The shadow imp hits you.
You take 1 damage, and have 15/16 hp.
You now have 6/8 mp.
Natasha stares at you and mumbles some strange words.
The magic dart hits you.
You take 4 damage, and have 11/16 hp.
MASSIVE DAMAGE!!
You now have 4/8 mp.
You feel yourself speed up. The shadow imp hits you.
You take 3 damage, and have 8/16 hp.
You now have 3/8 mp.
Natasha extends her claws.
Natasha mumbles some strange words.
You feel disoriented. The shadow imp gestures at you.
You barely resist.
There is a stone staircase leading down here.
The shadow imp shouts, "Get thee hence, thou hateful tip-merry bum-bailey!"
There is an open door here.
The shadow imp disappears in a puff of smoke!
Natasha casts a spell at you.
You feel yourself slow down.
Natasha wildly gestures.
Natasha glows brightly for a moment.
Natasha casts a spell at you. You resist with some effort.
There is a stone staircase leading up here.
The sting misses Natasha.
Natasha closely misses you.
The sting hits Natasha but does no damage.
Natasha is poisoned.
Natasha claws you. x2
* * * LOW HITPOINT WARNING * * *
You take 6 damage, and have 3/16 hp.
MASSIVE DAMAGE!!
You now have 1/8 mp.
Okay, then.
You are too injured to fight recklessly!
Aiming: Sting (safe; 7% risk of failure)
Press: ? - help, Q - select action, (/) - cycle Shift-Dir - straight line, f/p - Natasha
Aim: Natasha (lightly wounded, poisoned, 64% to hit)
The sting misses Natasha.
Natasha claws you.
You die...

###.......####.###...#
#.......# #..h.5>.#
#.......# ########'##
#.......# #.........#
#......†# #.........#
#.......###.........#
#.......#..h...#.####
#.......#.####.#.#
#.......#..h@#.#.#
#.......######.#.#
######### #.#.# ....#
#####


You could see Natasha (poisoned).

Vanquished Creatures
  A dart slug (D:1)
  3 ball pythons (D:1)
  2 endoplasms (D:1)
  3 giant cockroaches (D:1)
  3 goblins (D:1)
  4 hobgoblins (D:1)
  2 jackals (D:1)
  4 kobolds (D:1)
  3 bats
  5 rats
30 creatures vanquished.

Notes
Turn   | Place    | Note
-------+----------+-------------------------------------------
     0 | D:1      | gimp the Vine Stalker Venom Mage began the quest for the
                  | Orb.
     0 | D:1      | Reached XP level 1. HP: 9/9 MP: 4/4
     6 | D:1      | Noticed an anaconda
     6 | D:1      | Noticed a hound
     6 | D:1      | Noticed a rime drake
     7 | D:1      | Noticed a polar bear
     7 | D:1      | Noticed a snapping turtle
   273 | D:1      | Found a faded altar of an unknown god.
   330 | D:1      | Reached XP level 2. HP: 11/13 MP: 1/6
   837 | D:1      | Reached XP level 3. HP: 16/16 MP: 3/7
  1292 | D:2      | Reached skill level 4 in Poison Magic
  1316 | D:2      | Learned a level 2 spell: Poisonous Vapours
  1320 | D:2      | Learned a level 3 spell: Mephitic Cloud
  1325 | D:2      | Noticed Natasha
  1358 | D:2      | Slain by Natasha

Illustrated notes

Levels and vault maps discovered:
D:1:      onia_arrival_zoo_common, layout_rooms,
          ebering_ecumenical_altar_petrified, chequers_serial_rivers_small_b
D:2:      layout_basic, uniq_natasha

Skill      XL: |  1  2  3 |
---------------+----------+-----
Poison Magic   | 4 |  4.0
Dodging        | |  1.5
Stealth        | |  2.4
Spellcasting   | |  2.8
Transmutations | |  1.0

Action                   || total
-------------------------++-------
Melee: Unarmed           ||     8
       Bite              ||     2
       Dagger            ||     3
 Cast: Sting             ||    59
Armor: Robe              ||     8
Dodge: Dodged            ||    16
